 Dungeon Crawl Stone Soup version 0.30.1-3-gfc49f6343a (webtiles) character file.

Game seed: 2161722457724949794

2473204 Labrat the Annihilator (level 27, 186/186 HPs)
             Began as a Human Conjurer on July 23, 2023.
             Was the Champion of Vehumet.
             Escaped with the Orb
             ... and 5 runes on July 26, 2023!
             The game lasted 06:30:05 (104987 turns).

Labrat the Annihilator (Human Conjurer)           Turns: 104987, Time: 06:30:05

Health: 186/186    AC: 21    Str: 13    XL:     27
Magic:  67/67      EV: 25    Int: 28    God:    Vehumet [******]
Gold:   5805       SH: 17    Dex: 26    Spells: 11/70 levels left

rFire   + + +        l - staff of fire "Jylyol" {rPois rF+ MP+9 Str+3 Dex+2}
rCold   + + .        q - +1 kite shield {AC+3}
rNeg    + + +        e - +4 troll leather armour of Tortured the Good {rC+ rN+ Regen+ SInv}
rPois   +            k - +1 helmet
rElec   .            U - scarf of Words of Power {rC+ rF+, Rampage Will+}
rCorr   .            n - +1 pair of gloves {Dex+3}
SInv    +            I - +0 pair of boots of Donobos {rPois rF+ rN+ Dex+3}
Will    +++..        p - amulet of magic regeneration
Stlth   +            f - ring of Wynesoeli {rN++ Dex+6}
HPRegen 1.31/turn    E - ring of magical power
MPRegen 0.80/turn

%: rampage
@: studying 2 skills
A: iridescent scales 1, deformed body, deterioration 1, dopey 1, fire resistance
1, frail 1
0: Orb of Zot
}: 5/15 runes: barnacled, slimy, silver, abyssal, gossamer
a: Renounce Religion


You escaped.
You worshipped Vehumet.
Vehumet was exalted by your worship.
You visited 13 branches of the dungeon, and saw 57 of its levels.
You visited the Abyss 2 times.
You also visited: Trove and Desolation.

You collected 9037 gold pieces.
You spent 3232 gold pieces at shops.

Inventory:

Missiles
 u - 8 throwing nets
 Q - 9 silver javelins
 X - 12 curare-tipped darts
Armour
 c - quicksilver dragon scales
 e - the +4 troll leather armour of Tortured the Good (worn) {rC+ rN+ Regen+ SInv}
   (You acquired it on level 13 of the Dungeon)

   rC:        It protects you from cold.
   rN:        It protects you from negative energy.
   SInv:      It lets you see invisible.
   Regen:     It increases your rate of health regeneration.
 k - a +1 helmet (worn)
 n - a +1 pair of gloves of dexterity (worn)
 q - a +1 kite shield of protection (worn)
 I - the +0 pair of boots of Donobos (worn) {rPois rF+ rN+ Dex+3}
   (You found it on level 4 of the Spider Nest)

   Dex:       It affects your dexterity (+3).
   rF:        It protects you from fire.
   rPois:     It protects you from poison.
   rN:        It protects you from negative energy.
 N - the +4 dragonskin cloak
   (You took it off Tiamat on level 5 of the Realm of Zot)

   Avatar's Aegis: It grants the wearer a chance to resist fire, cold, poison,
   electricity, acid, and negative energy.
 U - the scarf of Words of Power (worn) {rC+ rF+, Rampage Will+}
   (You found it on level 3 of the Elven Halls)

   Rampage:   It bestows one free step when moving towards enemies.
   Will:      It increases your willpower.
Magical Staves
 l - the staff of fire "Jylyol" (weapon) {rPois rF+ MP+9 Str+3 Dex+2}
   (You found it on level 1 of the Elven Halls)

   [staff of fire]

   Base accuracy: +5 Base damage: 5 Base attack delay: 1.2 This weapon's minimum
   attack delay (0.6) is reached at skill level 12.
   Str:       It affects your strength (+3).
   Dex:       It affects your dexterity (+2).
   rF:        It protects you from fire.
   rPois:     It protects you from poison.
   MP:        It affects your magic capacity (+9).
   It falls into the 'Staves' category.
   It is a one-handed weapon.
Jewellery
 f - the ring of Wynesoeli (left hand) {rN++ Dex+6}
   (You took it off a spriggan defender on level 3 of the Depths)

   [ring of dexterity]

   Dex:       It affects your dexterity (+6).
   rN:        It greatly protects you from negative energy.
 m - a +5 ring of evasion
 p - an amulet of magic regeneration (around neck)
 z - a +5 ring of evasion
 E - a ring of magical power (right hand)
Wands
 y - a wand of digging (19)
 A - a wand of flame (48)
 B - a wand of iceblast (55)
 F - a wand of acid (31)
 H - a wand of charming (70)
 L - a wand of mindburst (25)
Scrolls
 v - a scroll of enchant armour
 C - 3 scrolls of amnesia
 D - 3 scrolls of blinking
 G - 4 scrolls of fog
 J - 9 scrolls of magic mapping
 K - 6 scrolls of poison
 M - 18 scrolls of teleportation
 S - 6 scrolls of fear
 V - 5 scrolls of immolation
Potions
 b - 3 potions of magic
 g - 8 potions of brilliance
 h - 7 potions of haste
 i - 8 potions of flight
 j - 6 potions of invisibility
 s - 6 potions of cancellation
 t - 4 potions of heal wounds
 w - 27 potions of curing
 x - 7 potions of resistance
 T - 4 potions of might
Miscellaneous
 a - the horn of Geryon
 d - a phantom mirror
 o - a phial of floods
 r - a box of beasts
 P - a lightning rod (2/4)
 W - a condenser vane


   Skills:
 + Level 15.0 Fighting
 - Level 18.0 Armour
 - Level 15.0 Dodging
 - Level 2.0 Stealth
 - Level 15.0 Shields
 - Level 22.0 Spellcasting
 O Level 27 Conjurations
 - Level 10.0 Summonings
 - Level 8.0 Necromancy
 - Level 3.0 Translocations
 - Level 22.0 Fire Magic
 - Level 3.0 Ice Magic
 - Level 15.0 Earth Magic
 - Level 10.0 Evocations


You had 11 spell levels left.
You knew the following spells:

 Your Spells              Type           Power      Damage    Failure   Level
a - Spellforged Servitor  Conj/Summ      47%        N/A       1%          7
b - Fireball              Conj/Fire      64%        3d24      0%          5
c - Iskenderun's Mystic   Conj/Tloc      86%        2d17      1%          4
d - Fire Storm            Conj/Fire      64%        8d16      3%          9
e - Lehudib's Crystal Sp  Conj/Erth      49%        10d12     1%          8
f - Orb of Destruction    Conj           55%        9d14      1%          7
g - Borgnjor's Vile Clut  Necr/Erth      38%        N/A       1%          5
h - Starburst             Conj/Fire      64%        6d17      0%          6
i - Ignition              Fire           62%        3d17      1%          8

Your spell library contained the following spells:

 Spells                   Type           Power      Damage    Failure   Level
 Polar Vortex             Ice            23%        N/A       100%        9
 Kiss of Death            Conj/Necr      100%       2d13      0%          1
 Magic Dart               Conj           100%       1d8       0%          1
 Shock                    Conj/Air       100%       1d9       0%          1
 Searing Ray              Conj           100%       2d8       0%          2
 Hailstorm                Conj/Ice       86%        3d17      0%          3
 Stone Arrow              Conj/Erth      100%       3d13      0%          3
 Sticky Flame             Conj/Fire      100%       2d11      0%          4
 Iskenderun's Battlesphe  Conj           100%       2d15      0%          5
 Apportation              Tloc           94%        N/A       1%          1
 Freeze                   Ice            100%       1d10      1%          1
 Necrotise                Necr           100%       1d9       1%          1
 Summon Small Mammal      Summ           100%       N/A       1%          1
 Blink                    Tloc           94%        N/A       1%          2
 Cigotuvi's Dreadful Rot  Necr/Pois/Air  90%        N/A       1%          2
 Ensorcelled Hibernation  Hex/Ice        78%        N/A       1%          2
 Lesser Beckoning         Tloc           94%        N/A       1%          2
 Poisonous Vapours        Pois/Air       60%        N/A       1%          2
 Sublimation of Blood     Necr           66%        N/A       1%          2
 Call Canine Familiar     Summ           72%        N/A       1%          3
 Dazzling Flash           Conj/Hex       100%       N/A       1%          3
 Frozen Ramparts          Ice            94%        1d15      1%          3
 Ignite Poison            Fire/Tmut/Pois 82%        N/A       1%          3
 Inner Flame              Hex/Fire       95%        N/A       1%          3
 Mephitic Cloud           Conj/Pois/Air  69%        N/A       1%          3
 Vampiric Draining        Necr           66%        2d10      1%          3
 Animate Armour           Summ/Erth      100%       N/A       1%          4
 Animate Dead             Necr           66%        N/A       1%          4
 Dispel Undead            Necr           66%        3d23      1%          4
 Fulminant Prism          Conj/Hex       41%        3d19      1%          4
 Leda's Liquefaction      Hex/Erth       32%        N/A       1%          4
 Petrify                  Tmut/Erth      64%        N/A       1%          4
 Summon Ice Beast         Ice/Summ       61%        N/A       1%          4
 Arcjolt                  Conj/Air       41%        1d51      1%          5
 Freezing Cloud           Conj/Ice/Air   36%        6-21      1%          5
 Irradiate                Conj/Tmut      41%        3d25      1%          5
 Conjure Ball Lightning   Conj/Air       41%        3x3d13    1%          6
 Beastly Appendage        Tmut           60%        N/A       2%          1
 Slow                     Hex            100%       N/A       2%          1
 Sting                    Tmut/Pois      100%       1d8       2%          1
 Gell's Gravitas          Tloc           47%        N/A       2%          3
 Teleport Other           Tloc           47%        N/A       2%          3
 Agony                    Necr           66%        N/A       2%          5
 Wereblood                Tmut           30%        N/A       3%          2
 Summon Lightning Spire   Summ/Air       56%        N/A       3%          4
 Portal Projectile        Hex/Tloc       78%        N/A       4%          3
 Vhi's Electric Charge    Tloc/Air       78%        N/A       4%          3
 Anguish                  Hex/Necr       26%        N/A       4%          4
 Summon Forest            Summ/Tloc      30%        N/A       4%          5
 Olgreb's Toxic Radiance  Pois           30%        N/A       7%          4
 Confusing Touch          Hex            30%        N/A       8%          3
 Spider Form              Tmut/Pois      30%        N/A       8%          3
 Tukima's Dance           Hex            30%        N/A       8%          3
 Manifold Assault         Tloc           47%        N/A       8%          4
 Passage of Golubria      Tloc           47%        N/A       8%          4
 Summon Mana Viper        Hex/Summ       56%        N/A       9%          5
 Ice Form                 Ice/Tmut       39%        N/A       14%         4
 Death Channel            Necr           33%        N/A       14%         6
 Yara's Violent Unravell  Hex/Tmut       15%        3d8       17%         5
 Monstrous Menagerie      Summ           36%        N/A       34%         7
 Summon Hydra             Summ           36%        N/A       34%         7
 Metabolic Englaciation   Hex/Ice        19%        N/A       36%         5
 Simulacrum               Ice/Necr       28%        N/A       38%         6
 Haunt                    Necr/Summ      34%        N/A       47%         7
 Eringya's Noxious Bog    Tmut/Pois      15%        N/A       65%         6
 Dispersal                Tloc           23%        N/A       75%         6
 Malign Gateway           Summ/Tloc      30%        N/A       83%         7
 Summon Horrible Things   Summ           36%        N/A       95%         8
 Infestation              Necr           33%        N/A       99%         8
 Enfeeble                 Hex            15%        N/A       100%        7
 Storm Form               Tmut/Air       15%        N/A       100%        7
 Discord                  Hex            15%        N/A       100%        8
 Maxwell's Capacitive Co  Air            15%        ∞         100%        8


Dungeon Overview and Level Annotations

Branches:
Dungeon (15/15)            Temple (1/1) D:7            Lair (5/5) D:11
 Shoals (4/4) Lair:2       Spider (4/4) Lair:2        Slime (5/5) Lair:5
    Orc (2/2) D:10            Elf (3/3) Orc:2        Vaults (5/5) D:13
  Crypt (3/3) Vaults:3       Tomb (0/3) Crypt:3      Depths (4/4) D:15
   Hell (visited)             Dis (0/7) Hell            Geh (0/7) Hell
    Coc (0/7) Hell            Tar (0/7) Hell            Zot (5/5) Depths:4
Desolation (visited)

Altars:
Ashenzari
Cheibriados
Dithmenos
Elyvilon
Fedhas
Gozag
Kikubaaqudgha
Makhleb
Nemelex Xobeh
Okawaru
Qazlal
Ru
Sif Muna
Uskayaw
Vehumet
Wu Jian
Xom
Yredelemnul
Zin
The Shining One
Jiyva
Lugonu

Shops:
D:3 *   D:4 =   D:11 *   D:12 ([   Orc:1 [   Orc:2 !![=   Elf:2 [   Elf:3 [
Vaults:4 !   Vaults:5 =!*?   Depths:1 *!

Portals:
Hell: Depths:1 Depths:2 Depths:3 Depths:4
Abyss: Depths:3
Pandemonium: Orc:2 Depths:1 Depths:2 Depths:3
Ziggurat: Depths:1

Annotations:
Zot:1 2 transporters
Zot:5 1 runed translucent door, Peloso's ghost, legendary MiFi


Innate Abilities, Weirdness & Mutations

You are partially covered in iridescent scales. (AC +2)
Armour fits poorly on your strangely shaped body.
Your body sometimes deteriorates upon taking damage.
You are dopey. (Int -2)
Your flesh is heat resistant. (rF+)
You are frail. (-10% HP)


Message History

There is a stone staircase leading up here.
You climb upwards.
There is a stone staircase leading down here.
(D) Dungeon (T) Temple (L) Lair (A) Shoals (N) Spider Nest (M) Slime Pits (O) Orcish Mines (E) Elven Halls (V) Vaults (C) Crypt (W) Tomb (U) Depths (H) Hell (I) Dis (G) Gehenna (X) Cocytus (Y) Tartarus (Z) Zot
Where to? (Enter - D:1, ? - help)
A hellion comes into view.
Casting: Fireball (safe; 0% risk of failure)
Confirm with . or Enter, or press ? or * to list all spells.
Aiming: Orb of Destruction (safe; 1% risk of failure)
Press: ? - help, Shift-Dir - straight line, f - hellion
Aim: a hellion The orb of destruction hits the hellion!!!
You blow up the hellion!
Vehumet accepts your kill.
You feel your power returning.
(D) Dungeon (T) Temple (L) Lair (A) Shoals (N) Spider Nest (M) Slime Pits (O) Orcish Mines (E) Elven Halls (V) Vaults (C) Crypt (W) Tomb (U) Depths (H) Hell (I) Dis (G) Gehenna (X) Cocytus (Y) Tartarus (Z) Zot
Where to? (Enter - D:1, ? - help) Magic restored.
There is a stone staircase leading up here.
You climb upwards.
There is a stone staircase leading down here.
There is a stone staircase leading up here.
You climb upwards.
There is a stone staircase leading down here.
There is a stone staircase leading up here.
You climb upwards.
There is a stone staircase leading down here.
There is an open door here.
There is a fountain of clear blue water here.
There is an open door here.
There is a staircase leading out of the dungeon here.
You have escaped!

## #.........#..#)......# #
#....................#
###########.......######.......#
.................## ##..#####
#.......########## ##.#
#.......##################.######
#.).....#...............#........
#.......#.8.8.#+#'#.8.8.#........
#.......#..8..#.@.#..8..#........
#.......#.8.8.#####.8.8.#........
#########...............##.######
## ###...⌠...⌠...###..# .##
##....8....##...## ..#
##.⌠...⌠.##..### ..#
##.....###.## #.# ###'#####.# ..#
#.......#


There were no monsters in sight!

Vanquished Creatures
  the Royal Jelly (Slime:5)
  4 orbs of fire
  8 ancient liches
  7 dread liches
  Parghit (Depths:3)
  A Killer Klown (Zot:5)
  A caustic shrike (Depths:3)
  The ghost of Lukheov the Peltast, a veteran DrWn of Okawaru (Vaults:2)
  4 curse toes
  Geryon (Hell)
  10 golden dragons
  Nikola (Shoals:3)
  2 electric golems (Zot:5)
  A pandemonium lord (Zot:5)
  A bone dragon (Depths:4)
  Jorgrun (Shoals:1)
  A hellephant (Abyss:4)
  An Ice Fiend (Zot:1)
  20 Orb Guardians
  11 tentacled monstrosities
  10 liches
  Asterion (Elf:2)
  3 titans (Vaults:5)
  2 deep elf master archers (Elf:3)
  13 acid blobs
  9 death cobs
  5 deep elf blademasters
  7 sphinxes
  A kraken (Shoals:1)
  6 quicksilver dragons
  An Executioner (Zot:1)
  Frances (Shoals:2)
  Kirke (Spider:1)
  7 ancient champions
  8 tentacled starspawn
  The ghost of Sableheart the Tortoise, an adept MiFi of the Shining One (Spider:3)
  13 storm dragons
  9 shadow dragons
  Agnes (Elf:2)
  A tengu reaver (Vaults:5)
  5 draconian monks
  3 draconian knights
  9 rockslimes
  The ghost of aeroqp the Metallomancer, a journeyman FoEE of Ashenzari (Lair:4)
  14 azure jellies
  3 imperial myrmidons (Desolation)
  Louise (Shoals:4)
  8 deep elf sorcerers
  2 fire giants (Depths:4)
  A spectral juggernaut (Depths:1)
  2 iron dragons
  6 emperor scorpions
  12 draconian scorchers
  9 vault wardens
  11 ghost moths
  3 frost giants
  12 draconian shifters
  10 ironbound preservers
  7 deep elf elementalists (Elf:3)
  2 orc warlords (Orc:2)
  3 ghouls
  2 juggernaut zombies (Hell)
  11 draconian annihilators
  10 draconian stormcallers
  13 quicksilver oozes
  3 war gargoyles
  A cacodemon (Hell)
  A spriggan defender (Depths:3)
  6 stone giants
  4 reapers (Hell)
  21 very ugly things
  6 broodmothers
  5 ironbound thunderhulks
  17 green draconians
  10 deep elf demonologists
  11 black draconians
  6 dire elephants
  A minotaur (Shoals:4)
  5 vampire knights
  A lorocyproca (Hell)
  19 purple draconians
  15 deep elf annihilators
  14 yellow draconians
  8 spark wasps
  9 red draconians
  An eidolon (Vaults:3)
  12 white draconians
  8 deep elf death magi
  Josephine (Spider:1)
  3 merfolk impalers
  A green death (Depths:3)
  3 blizzard demons (Hell)
  5 fire dragons
  3 entropy weavers
  11 ettins
  11 yaktaur captains
  6 jiangshi
  4 spriggan zombies
  6 ragged hierophants (Desolation)
  A kraken zombie (Hell)
  11 ice dragons
  8 deep elf high priests
  2 great orbs of eyes
  3 ogre magi
  Harold (D:8)
  25 vault guards
  2 merfolk avatars (Shoals:4)
  A rakshasa (Depths:3)
  A fenstrider witch zombie (Crypt:1)
  3 ironbound frosthearts
  Erica (D:9)
  4 jorogumos
  4 peacekeepers
  12 hydras
  2 demonspawn (Orc:2)
  A hell beast (D:14)
  9 two-headed ogres
  3 radroaches
  A spectral sphinx (Vaults:2)
  13 satyrs
  4 spriggan air magi
  4 catoblepae (Lair:5)
  A merfolk aquamancer (Shoals:4)
  6 boulder beetles
  An alligator snapping turtle (Shoals:1)
  6 deep troll earth magi
  18 death yaks (Lair:5)
  16 centaur warriors
  3 deep troll shamans
  2 death scarabs
  A hell hog (Abyss:3)
  7 tengu warriors
  30 dancing weapons
  6 orc high priests (Orc:2)
  3 thrashing horrors
  4 spriggan berserkers
  3 vampire magi
  11 hell knights
  3 soul eaters (Hell)
  22 deep elf knights
  A sun demon (Zot:5)
  A wretched star (Abyss:4)
  6 pharaoh ants
  2 shadow wraiths
  6 sea snakes
  5 skysharks
  An iron troll (D:13)
  2 flayed ghosts (Vaults:2)
  A bog body (Crypt:2)
  A shadow demon (Depths:1)
  2 glowing orange brains
  19 skeletal warriors
  A sun moth (Spider:4)
  47 deep trolls
  14 orb spiders
  An anaconda zombie (Hell)
  A shadow dragon zombie (Hell)
  5 wizards
  7 lindwurms
  A tengu zombie (Vaults:2)
  27 deep elf pyromancers
  3 phantasmal warriors
  10 steelbarb worms
  12 orc knights
  17 deep elf archers
  12 necromancers
  14 ironbound convokers
  A wolf spider (shapeshifter) (Vaults:2)
  A human zombie (Vaults:2)
  15 fauns
  2 mana vipers (shapeshifter)
  A salamander (D:15)
  18 harpies
  2 oklob plants
  A steelbarb worm (shapeshifter) (D:12)
  6 orc sorcerers
  An iron dragon zombie (Hell)
  21 wolf spiders
  24 deep elf zephyrmancers
  18 manticores
  8 cyclopes
  A moth of wrath (shapeshifter) (Depths:2)
  24 elephants
  A human skeleton (Vaults:2)
  6 shining eyes
  22 ugly things
  A worldbinder (Abyss:3)
  22 moths of wrath
  2 ice statues (Hell)
  A toenail golem (D:10)
  5 merfolk sirens
  3 eyes of devastation
  8 demonic crawlers
  3 water nymphs
  An apocalypse crab (Abyss:1)
  2 molten gargoyles (Hell)
  5 guardian serpents (Desolation)
  3 torpor snails
  A titan simulacrum (Hell)
  3 black mambas
  7 vault sentinels
  14 cane toads
  5 rust devils
  3 orange demons
  3 smoke demons (Hell)
  A rime drake (Lair:2)
  2 centaur skeletons (Hell)
  A dire elephant skeleton (Crypt:1)
  18 yaktaurs
  An unseen horror (D:13)
  4 hellions
  3 efreet
  2 kobold demonologists
  Maggie (D:8)
  A tormentor (D:6)
  A catoblepas zombie (Hell)
  8 freezing wraiths
  A rime drake (shapeshifter) (D:13)
  3 tengu conjurers
  2 trolls
  11 komodo dragons
  A hydra zombie (Hell)
  An ice devil (Depths:3)
  6 red devils
  A minotaur skeleton (Crypt:1)
  A sea snake skeleton (Hell)
  A pale draconian skeleton (Crypt:1)
  3 polar bears (Lair:3)
  An anaconda simulacrum (Hell)
  2 ancient zymes
  A meliai (shapeshifter) (Elf:3)
  13 merfolk
  23 tarantellas
  6 wind drakes
  26 saltlings (Desolation)
  A tarantella (shapeshifter) (Elf:1)
  3 hornets
  3 hellwings
  An alligator zombie (Hell)
  A raiju (Abyss:3)
  10 snapping turtles
  14 blink frogs
  3 hydra skeletons (Hell)
  A stone giant simulacrum (Vaults:2)
  5 shadows
  A centaur simulacrum (Hell)
  94 slime creatures
  A culicivora (shapeshifter) (Vaults:5)
  11 water elementals
  3 vampires
  15 culicivoras
  A large abomination (Abyss:4)
  2 air elementals (Elf:1)
  21 jumping spiders
  8 wraiths
  3 hogs (Spider:1)
  4 wyverns
  6 basilisks
  A redback (shapeshifter) (Depths:4)
  9 golden eyes
  6 fire elementals
  41 yaks
  A black mamba skeleton (Crypt:1)
  2 chaos spawn
  A neqoxec (Depths:1)
  39 redbacks
  A steam dragon (D:8)
  8 vampire mosquitoes
  10 wargs
  A wind drake zombie (Crypt:2)
  Menkaure (D:5)
  A spatial vortex (Abyss:1)
  4 acid dragons
  12 water moccasins
  A small abomination (Abyss:4)
  4 hell hounds (Hell)
  2 floating eyes
  2 black bears
  37 orc warriors
  3 sky beasts
  An ice beast (D:5)
  An ettin simulacrum (Hell)
  7 boggarts
  11 ogres
  12 wolves
  A starcursed mass (Abyss:3)
  9 centaurs
  A dream sheep skeleton (Crypt:1)
  3 kobold brigands
  A rime drake zombie (Crypt:1)
  9 bullfrogs
  A necrophage (Crypt:2)
  A draconian zombie (Crypt:1)
  2 gnoll sergeants
  2 scorpions
  5 earth elementals
  An elf skeleton (Crypt:3)
  A yak zombie (Crypt:3)
  4 killer bees (D:6)
  4 electric eels
  3 howler monkeys
  4 jellies
  A raiju skeleton (Crypt:2)
  A gnoll bouda (D:5)
  32 orc priests
  5 hounds
  Crazy Yiuf (D:5)
  3 iguanas
  Jessica (D:2)
  4 sleepcaps
  Terence (D:2)
  Natasha (thrice) (D:2)
  18 orc wizards
  An ogre skeleton (Crypt:2)
  19 gnolls
  4 adders
  A swamp drake skeleton (Crypt:3)
  2 white imps
  An ufetubus (Abyss:3)
  An adder zombie (Crypt:3)
  3 worms
  7 dart slugs
  98 orcs
  4 ball pythons
  3 bats
  12 endoplasms
  4 giant cockroaches
  5 goblins
  13 hobgoblins
  5 jackals
  19 kobolds
  2 quokkas (D:4)
  2 frilled lizards
  A hobgoblin skeleton (Crypt:3)
  6 rats
  A rat zombie (Crypt:2)
  A lurking horror (Abyss:3)
  9 starspawn tentacles
  6 tentacles
2248 creatures vanquished.

Vanquished Creatures (collateral kills)
  A pandemonium lord (Depths:4)
  A dread lich (Zot:5)
  Tiamat (Zot:5)
  Mara (D:15)
  Bai Suzhen (Shoals:4)
  Saint Roka (Crypt:2)
  3 Killer Klowns (Zot:5)
  6 golden dragons
  Arachne (Spider:2)
  9 Orb Guardians (Zot:5)
  4 tentacled monstrosities
  3 titans
  The ghost of McKennaii the Devastator, an adept DgCj (Spider:4)
  4 ancient champions
  3 death cobs
  An Executioner (D:15)
  5 acid blobs
  4 shadow dragons
  2 tentacled starspawn
  5 storm dragons
  2 tengu reavers (Vaults:5)
  A sphinx (Vaults:5)
  An azure jelly (Slime:5)
  2 rockslimes (Slime:5)
  3 draconian monks
  4 frost giants
  An emperor scorpion (Spider:4)
  2 fire giants
  3 draconian scorchers
  2 curse skulls (Crypt:3)
  A balrug (Abyss:3)
  6 vault wardens
  A ghoul (Crypt:2)
  4 imperial myrmidons (Desolation)
  2 quicksilver oozes (Slime:5)
  2 orc warlords
  An iron dragon (Vaults:5)
  A draconian stormcaller (Zot:3)
  2 draconian shifters (Zot:5)
  12 ironbound preservers
  3 draconian annihilators
  A war gargoyle (Vaults:5)
  4 ironbound thunderhulks
  5 very ugly things
  2 reapers
  2 vampire knights
  5 stone giants
  7 dire elephants
  A deep elf demonologist (Vaults:5)
  4 black draconians
  3 green draconians
  A purple draconian (Zot:4)
  A halazid warlock (Desolation)
  8 red draconians
  4 white draconians
  5 yellow draconians
  3 crystal guardians
  3 ettins
  2 eidola (Crypt:3)
  2 jiangshi (Crypt:2)
  3 ragged hierophants (Desolation)
  A deep elf high priest (Vaults:1)
  3 fire dragons
  A rakshasa (Depths:3)
  2 ice dragons
  A spriggan zombie (Crypt:1)
  3 vault guards
  6 great orbs of eyes
  5 yaktaur captains
  2 servants of whispers (Desolation)
  A spriggan air mage (Depths:2)
  4 peacekeepers (Desolation)
  An anaconda (shapeshifter) (Vaults:5)
  5 ironbound frosthearts
  3 centaur warriors
  A hell hog (Abyss:3)
  A deep troll shaman (Depths:2)
  2 deep troll earth magi
  A thrashing horror (Abyss:4)
  2 sun demons (Abyss:3)
  6 hell knights
  A wretched star (Abyss:3)
  4 soul eaters
  6 skeletal warriors
  3 iron trolls
  A fire crab (Lair:4)
  A spatial maelstrom (Abyss:1)
  3 flayed ghosts
  17 deep trolls
  A swamp dragon (shapeshifter) (Vaults:5)
  A spark wasp zombie (Crypt:1)
  3 bog bodies
  8 phantasmal warriors
  15 lindwurms
  6 ironbound convokers
  4 necromancers
  2 orc knights
  A shadow dragon zombie (Crypt:1)
  2 harpies (Vaults:3)
  3 wolf spiders (Spider:4)
  5 starcursed masses
  An ugly thing (Depths:1)
  3 moths of wrath
  2 manticores (Shoals:4)
  A worldbinder (Abyss:3)
  An iron dragon skeleton (Crypt:1)
  A stone giant skeleton (Hell)
  A toenail golem (Zot:5)
  2 guardian serpents (Desolation)
  A rust devil (Hell)
  10 vault sentinels
  A smoke demon (Abyss:3)
  An orange demon (Depths:1)
  A yellow draconian zombie (Crypt:2)
  A hellion (Abyss:3)
  A freezing wraith (Vaults:5)
  A merfolk (Shoals:2)
  A mana viper zombie (Crypt:1)
  An iron troll skeleton (Crypt:3)
  A troll (Crypt:2)
  A wind drake (Shoals:4)
  2 hellwings (Depths:2)
  3 raiju (Abyss:3)
  A harpy skeleton (Crypt:1)
  A guardian serpent zombie (Crypt:1)
  25 saltlings (Desolation)
  A jumping spider (Spider:4)
  10 slime creatures
  3 flying skulls
  An ice dragon skeleton (Crypt:2)
  A wraith (Crypt:3)
  A ynoxinul (Abyss:4)
  2 large abominations
  2 golden eyes
  A redback (Spider:4)
  2 chaos spawn
  A merfolk zombie (Crypt:2)
  A naga skeleton (Crypt:1)
  An orc warrior (Crypt:2)
  A blink frog zombie (Crypt:1)
  A lindwurm skeleton (Crypt:1)
  3 necrophages
  A small abomination (Abyss:2)
  A yak skeleton (Crypt:1)
  A quasit (Abyss:4)
  A human zombie (Crypt:3)
  A swamp drake skeleton (Crypt:3)
  An ufetubus (Abyss:2)
  An iguana zombie (Crypt:2)
  A kobold (Abyss:3)
  A rat zombie (Crypt:2)
423 creatures vanquished.

Vanquished Creatures (others)
  A golden dragon (Zot:5)
  A dancing weapon (Elf:2)
  A smoke demon (Hell)
  A polar bear (Lair:5)
  A hell hound (Hell)
  46 fire vortices
  7 starspawn tentacles
  4 tentacles
62 creatures vanquished.

Grand Total: 2733 creatures vanquished

Notes
Turn   | Place    | Note
-------+----------+-------------------------------------------
     0 | D:1      | Labrat the Human Conjurer began the quest for the Orb.
     0 | D:1      | Reached XP level 1. HP: 13/13 MP: 3/3
   241 | D:1      | Reached XP level 2. HP: 19/19 MP: 0/5
   244 | D:1      | Learned a level 2 spell: Searing Ray
   561 | D:1      | Reached XP level 3. HP: 24/24 MP: 2/6
  1513 | D:2      | Noticed Jessica
  1521 | D:2      | Killed Jessica
  1522 | D:2      | Reached XP level 4. HP: 22/30 MP: 2/8
  1604 | D:2      | Identified the +5 dagger of Pogus {flame, rN+ Str+5 Dex-5}
  1805 | D:2      | Noticed Terence
  1830 | D:2      | Killed Terence
  1831 | D:2      | Reached skill level 5 in Conjurations
  1831 | D:2      | Reached XP level 5. HP: 32/35 MP: 0/10
  1942 | D:2      | Noticed Natasha
  1947 | D:2      | Killed Natasha
  2204 | D:2      | Noticed Natasha
  2234 | D:2      | Killed Natasha
  2720 | D:2      | Noticed Natasha
  2731 | D:2      | Killed Natasha
  2732 | D:2      | Reached XP level 6. HP: 36/41 MP: 3/11
  3278 | D:3      | Noticed a water moccasin
  3613 | D:3      | Reached skill level 6 in Conjurations
  3614 | D:3      | Reached skill level 5 in Spellcasting
  3614 | D:3      | Reached XP level 7. HP: 40/46 MP: 2/14
  3922 | D:3      | Found Naoss's Assorted Antiques.
  4459 | D:4      | Found Cuqev's Jewellery Shoppe.
  4980 | D:4      | Learned a level 4 spell: Iskenderun's Mystic Blast
  5223 | D:4      | Reached skill level 1 in Fighting
  5223 | D:4      | Reached skill level 1 in Translocations
  5224 | D:4      | Reached XP level 8. HP: 49/56 MP: 6/17
  5682 | D:5      | Entered Level 5 of the Dungeon
  6770 | D:5      | Found a runed translucent door.
  6771 | D:5      | Noticed Crazy Yiuf
  6801 | D:5      | Noticed Menkaure
  6822 | D:5      | Killed Menkaure
  6823 | D:5      | Reached skill level 7 in Conjurations
  6823 | D:5      | Reached XP level 9. HP: 12/63 MP: 6/19
  7001 | D:5      | Killed Crazy Yiuf
  7787 | D:6      | Reached skill level 8 in Conjurations
  8006 | D:6      | Reached skill level 1 in Armour
  8012 | D:6      | Identified the +4 chain mail of the Lobster {Str+4}
  8106 | D:6      | Found a snail-covered altar of Cheibriados.
  9002 | D:7      | Reached XP level 10. HP: 73/73 MP: 22/22
  9113 | D:7      | Reached skill level 5 in Fighting
  9225 | D:7      | Found a sacrificial altar of Ru.
  9479 | D:7      | Found a staircase to the Ecumenical Temple.
  9486 | Temple   | Entered the Ecumenical Temple
  9630 | Temple   | Became a worshipper of Vehumet
  9934 | D:7      | Found Errin's Book Shop.
 10173 | D:8      | Reached skill level 9 in Conjurations
 10750 | D:8      | Noticed Maggie
 11273 | D:9      | Reached * piety under Vehumet
 11273 | D:9      | Offered knowledge of Sandblast by Vehumet.
 11402 | D:9      | Noticed a manticore
 11870 | D:9      | Noticed Harold
 11903 | D:9      | Noticed Erica
 11912 | D:8      | Killed Harold
 11913 | D:8      | Reached skill level 10 in Conjurations
 11913 | D:8      | Reached XP level 11. HP: 70/79 MP: 8/24
 12035 | D:8      | Killed Maggie
 12191 | D:9      | Reached skill level 10 in Spellcasting
 12311 | D:9      | Killed Erica
 12644 | D:9      | Reached skill level 11 in Conjurations
 12959 | D:9      | Killed a manticore
 13238 | D:10     | Entered Level 10 of the Dungeon
 13504 | D:10     | Learned a level 3 spell: Stone Arrow
 13728 | D:10     | Reached ** piety under Vehumet
 13875 | D:10     | Offered knowledge of Freeze by Vehumet.
 13998 | D:10     | Noticed a red ugly thing
 14027 | D:10     | Killed a red ugly thing
 14493 | D:10     | Found a staircase to the Orcish Mines.
 14714 | D:11     | Noticed a red ugly thing
 14729 | D:11     | Killed a red ugly thing
 14730 | D:11     | Reached skill level 12 in Conjurations
 14730 | D:11     | Reached XP level 12. HP: 86/86 MP: 19/27
 14983 | D:11     | Found Puotess's General Store.
 15020 | D:11     | Found a staircase to the Lair.
 15713 | D:12     | Noticed a two-headed ogre
 15726 | D:12     | Killed a two-headed ogre
 15927 | D:12     | Noticed a centaur warrior
 15934 | D:12     | HP: 3/88 [centaur warrior/arrow (5)]
 15935 | D:12     | Killed a centaur warrior
 16117 | D:12     | Noticed a boulder beetle
 16153 | Lair:1   | Entered Level 1 of the Lair of Beasts
 16160 | D:11     | Learned a level 3 spell: Hailstorm
 16392 | Lair:1   | Offered knowledge of Poisonous Vapours by Vehumet.
 16703 | Lair:1   | Reached skill level 13 in Conjurations
 18316 | Lair:2   | Identified the +5 whip of Valuable Assets {heavy, rElec
                  | Str+3}
 18536 | Lair:2   | Noticed a five-headed hydra
 18570 | Lair:2   | Reached XP level 13. HP: 67/98 MP: 18/29
 18571 | Lair:2   | Killed a five-headed hydra
 18782 | Lair:2   | Reached skill level 14 in Conjurations
 19008 | Lair:2   | Found a staircase to the Shoals.
 19012 | Lair:2   | Reached *** piety under Vehumet
 19249 | Lair:2   | Found a hole to the Spider Nest.
 19258 | Lair:2   | Reached skill level 15 in Conjurations
 19805 | Lair:3   | Noticed a five-headed hydra
 19812 | Lair:3   | Killed a five-headed hydra
 20451 | Lair:3   | Noticed a seven-headed hydra
 20458 | Lair:3   | Reached skill level 5 in Armour
 20458 | Lair:3   | Reached skill level 5 in Dodging
 20554 | Lair:3   | Found an ornate altar of the Wu Jian Council.
 21165 | Lair:3   | Reached skill level 1 in Ice Magic
 21165 | Lair:3   | Reached skill level 1 in Earth Magic
 21265 | Lair:4   | Offered knowledge of Mephitic Cloud by Vehumet.
 21409 | Lair:4   | You fall into a shaft and drop 1 floor!
 21409 | Lair:5   | Entered Level 5 of the Lair of Beasts
 21409 | Lair:5   | Noticed a five-headed hydra
 21409 | Lair:5   | Noticed a five-headed hydra
 21409 | Lair:5   | Found the +1 robe of Vines {NoPotionHeal Regen++++}
 21411 | Lair:5   | Noticed an eight-headed hydra
 21449 | Lair:5   | Noticed a catoblepas
 21465 | Lair:5   | Noticed a catoblepas
 21498 | Lair:4   | Found a blossoming altar of Fedhas.
 21931 | Lair:4   | Killed a five-headed hydra
 22385 | Lair:4   | Found a transporter.
 22388 | Lair:4   | Reached XP level 14. HP: 105/105 MP: 30/30
 22867 | Lair:4   | Found a transporter.
 22870 | Lair:4   | Noticed aeroqp's ghost (journeyman FoEE)
 22889 | Lair:4   | Reached **** piety under Vehumet
 23387 | Lair:5   | Offered knowledge of Airstrike by Vehumet.
 24644 | Lair:5   | Reached skill level 15 in Spellcasting
 24818 | Lair:5   | Reached XP level 15. HP: 84/115 MP: 11/34
 24821 | Lair:5   | Reached ***** piety under Vehumet
 24822 | Lair:5   | Reached skill level 10 in Fighting
 24823 | Lair:5   | Offered knowledge of Orb of Destruction by Vehumet.
 25164 | Lair:5   | Learned a level 7 spell: Orb of Destruction
 25538 | Lair:5   | Found a runed translucent door.
 25538 | Lair:5   | Found a viscous altar of Jiyva.
 25540 | Lair:5   | Found a staircase to the Slime Pits.
 25924 | Lair:5   | Reached skill level 5 in Evocations
 27061 | Orc:1    | Entered Level 1 of the Orcish Mines
 27225 | Orc:2    | Entered Level 2 of the Orcish Mines
 27225 | Orc:2    | Noticed an orc warlord
 27233 | Orc:2    | Noticed an orc warlord
 27244 | Orc:2    | Reached skill level 16 in Conjurations
 27245 | Orc:2    | Killed an orc warlord
 27253 | Orc:2    | Killed an orc warlord
 27398 | Orc:2    | Found a staircase to the Elven Halls.
 27469 | Orc:2    | Found a shimmering altar of Xom.
 27586 | Orc:1    | Found a burning altar of Makhleb.
 27619 | Orc:1    | Found Hen Jiuw's Armour Shop.
 28438 | Orc:2    | Offered knowledge of Iskenderun's Battlesphere by Vehumet.
 28445 | Orc:2    | Learned a level 5 spell: Iskenderun's Battlesphere
 28748 | Orc:2    | Found Hemmykko's Distillery.
 28750 | Orc:2    | Found Kiul's Distillery.
 29359 | Orc:2    | Reached skill level 17 in Conjurations
 29626 | Orc:2    | Reached XP level 16. HP: 122/122 MP: 14/35
 30182 | Orc:2    | Found Suxtuo's Jewellery Shop.
 30182 | Orc:2    | Found Ecsereiz's Antique Armour Boutique.
 30183 | Orc:2    | Found a one-way gate leading to the halls of Pandemonium.
 30525 | D:12     | Found a snail-covered altar of Cheibriados.
 30526 | D:12     | Found Cheibriados's Comfort Zone.
 30528 | D:12     | Found Xumik's Antique Weapon Emporium.
 30714 | D:12     | Reached skill level 18 in Conjurations
 30792 | D:12     | Offered knowledge of Starburst by Vehumet.
 30800 | D:12     | Learned a level 6 spell: Starburst
 31376 | D:12     | Identified the +0 arbalest "Abuix" {antimagic, rElec rPois
                  | rN+ Will+}
 32418 | D:13     | Found a gate to the Vaults.
 32658 | D:13     | Reached skill level 1 in Fire Magic
 33730 | D:14     | Found an iron altar of Okawaru.
 33984 | D:14     | Reached skill level 5 in Fire Magic
 34543 | D:15     | Entered Level 15 of the Dungeon
 35306 | D:15     | Reached XP level 17. HP: 73/128 MP: 28/36
 35491 | D:15     | Offered knowledge of Fireball by Vehumet.
 35498 | D:15     | Learned a level 5 spell: Fireball
 35761 | D:15     | Identified 2 scrolls of acquirement
 36011 | D:15     | Found a staircase to the Depths.
 36018 | D:15     | Reached skill level 19 in Conjurations
 36358 | Elf:1    | Entered Level 1 of the Elven Halls
 36478 | Elf:1    | Identified the staff of cold "Ulluogru" {*Slow rC+ Int+4
                  | Dex+5 SInv}
 37401 | Elf:1    | Reached skill level 20 in Conjurations
 37532 | Elf:1    | Found a shimmering blue altar of Sif Muna.
 37533 | Elf:1    | Found a radiant altar of Vehumet.
 37533 | Elf:1    | Found a radiant altar of Vehumet.
 37533 | Elf:1    | Found an ancient bone altar of Kikubaaqudgha.
 38244 | Elf:1    | Identified the staff of fire "Jylyol" {rPois rF+ MP+9 Str+3
                  | Dex+2}
 38437 | Elf:1    | Paralysed by an air elemental for 1 turns
 39402 | Elf:2    | Reached XP level 18. HP: 69/134 MP: 28/37
 39603 | Elf:2    | Reached skill level 10 in Fire Magic
 39800 | Elf:1    | Offered knowledge of Plasma Beam by Vehumet.
 40030 | Elf:2    | Found Rech's Antique Armour Shoppe.
 40477 | Elf:2    | Found a huge runed translucent gate.
 40477 | Elf:2    | Found a huge runed translucent gate.
 40477 | Elf:2    | Found a huge runed translucent gate.
 40477 | Elf:2    | Found a huge runed translucent gate.
 40478 | Elf:2    | Found a huge runed translucent gate.
 40804 | Elf:2    | Found a portal to a secret trove of treasure.
 41699 | Elf:2    | Noticed a deep elf blademaster
 41703 | Elf:2    | Killed a deep elf blademaster
 41706 | Elf:2    | Noticed Asterion
 41716 | Elf:2    | Killed Asterion
 42036 | Elf:2    | Noticed Agnes
 42039 | Elf:2    | Killed Agnes
 42196 | Elf:3    | Entered Level 3 of the Elven Halls
 42345 | Elf:3    | Found Feapup's Antique Armour Shop.
 42427 | Elf:3    | Reached skill level 1 in Shields
 42918 | Elf:3    | Noticed a Tzitzimitl
 42919 | Elf:3    | Gained mutation: You are clumsy. (Dex -2) [a neqoxec]
 42927 | Elf:3    | Gained mutation: Your spells are a little easier to cast,
                  | but a little less powerful. [a neqoxec]
 43722 | Elf:3    | Noticed a deep elf blademaster
 43725 | Elf:3    | Killed a deep elf blademaster
 43756 | Elf:3    | Identified the staff of air "Ehivupai" {rElec SInv}
 43762 | Elf:3    | Reached XP level 19. HP: 132/140 MP: 10/39
 43983 | Elf:3    | Reached skill level 5 in Shields
 44222 | Elf:3    | Identified the +5 sling of Wucouh {flame, rElec rN++ Will+
                  | Stlth-}
 44265 | Elf:3    | Noticed a deep elf blademaster
 44273 | Elf:3    | Killed a deep elf blademaster
 44577 | Elf:3    | Identified the staff of death "Muacw" {rElec rN+}
 44579 | Elf:3    | Reached ****** piety under Vehumet
 44597 | Elf:3    | Noticed a deep elf blademaster
 44614 | Elf:3    | Killed a deep elf blademaster
 44619 | Elf:3    | Noticed a deep elf blademaster
 44629 | Elf:3    | Killed a deep elf blademaster
 44913 | Elf:3    | Got Iseycotz's Anthology of the Wayfarer
 44920 | Elf:3    | Identified the staff of conjuration "Utivvam" {rC- rN+
                  | Will+ Str+4}
 44956 | Elf:3    | Identified the scarf of Words of Power {rC+ rF+, Rampage
                  | Will+}
 44996 | Elf:3    | Got Sif Muna's Guidebook on the Jaunt and Voltage
 44997 | Elf:3    | Identified the staff of conjuration "Roakouc" {rPois SInv
                  | Stlth-}
 45003 | Elf:3    | Got Wiorooga's Teachings on Azure Erosion
 45157 | Elf:3    | Noticed an Ice Fiend
 46204 | Spider:1 | Entered Level 1 of the Spider Nest
 46309 | Spider:1 | Offered knowledge of Ozocubu's Refrigeration by Vehumet.
 46511 | Spider:1 | Noticed Kirke
 46540 | Spider:1 | Killed Kirke
 46811 | Spider:1 | Noticed Josephine
 46815 | Spider:1 | Killed Josephine
 47434 | Spider:1 | Offered knowledge of Spellforged Servitor by Vehumet.
 47460 | Spider:1 | Learned a level 7 spell: Spellforged Servitor
 47828 | Spider:2 | Reached skill level 1 in Summonings
 47828 | Spider:2 | Noticed Arachne
 47946 | Spider:2 | Reached XP level 20. HP: 147/147 MP: 35/42
 49317 | Spider:2 | Killed Arachne
 49886 | Spider:3 | Found a transporter.
 50342 | Spider:3 | Found a transporter.
 50345 | Spider:3 | Noticed Sableheart's ghost (adept MiFi)
 50861 | Spider:3 | Reached skill level 5 in Summonings
 51090 | Spider:4 | Entered Level 4 of the Spider Nest
 51663 | Spider:4 | Noticed McKennaii's ghost (adept DgCj)
 51743 | Spider:4 | Found a transporter.
 51759 | Spider:4 | Found a transporter.
 52415 | Spider:4 | Offered knowledge of Fire Storm by Vehumet.
 52415 | Spider:4 | Offered knowledge of Polar Vortex by Vehumet.
 52415 | Spider:4 | Offered knowledge of Ignition by Vehumet.
 53819 | Spider:4 | Identified the +0 pair of boots of Donobos {rPois rF+ rN+
                  | Dex+3}
 53871 | Spider:4 | Got a gossamer rune of Zot
 54041 | Shoals:1 | Entered Level 1 of the Shoals
 54631 | Shoals:1 | Identified the +1 falchion of Defence by Offence
                  | {antimagic, rC+ Dex+2}
 54737 | Shoals:1 | You fall into a shaft and drop 1 floor!
 54743 | Shoals:2 | Reached XP level 21. HP: 153/153 MP: 43/43
 54900 | Shoals:2 | Noticed Frances
 54907 | Shoals:2 | Killed Frances
 55261 | Shoals:1 | Noticed Jorgrun
 55266 | Shoals:1 | Killed Jorgrun
 55267 | Shoals:1 | Reached skill level 15 in Fire Magic
 57161 | Shoals:3 | Noticed Nikola
 57558 | Shoals:3 | Killed Nikola
 57707 | Shoals:4 | Entered Level 4 of the Shoals
 58215 | Shoals:4 | Noticed Bai Suzhen
 58243 | Shoals:4 | Noticed Louise
 58917 | Shoals:4 | Learned a level 8 spell: Lehudib's Crystal Spear
 58926 | Shoals:4 | Learned a level 8 spell: Ignition
 58951 | Shoals:4 | Identified the +5 great mace of Xyluz {holy, *Slow rPois
                  | Int+3}
 59351 | Depths:1 | Entered Level 1 of the Depths
 59351 | Depths:1 | Found a gateway to Hell.
 59746 | Shoals:4 | Killed Bai Suzhen
 60021 | Vaults:1 | Entered Level 1 of the Vaults
 60183 | Shoals:4 | Killed Louise
 60411 | Shoals:4 | Reached XP level 22. HP: 163/163 MP: 44/44
 60539 | Shoals:4 | Identified the +7 sling of a Billion Xenops {elec, Will+
                  | Int+3}
 60542 | Shoals:4 | Got a barnacled rune of Zot
 61037 | Vaults:1 | Reached skill level 10 in Armour
 61037 | Vaults:1 | Reached skill level 10 in Shields
 61039 | Vaults:1 | Reached skill level 10 in Dodging
 62128 | Vaults:1 | Reached skill level 5 in Earth Magic
 62707 | Vaults:1 | Identified the +8 great sword "Qoemocziki" {flame, rPois
                  | rF+ Str+2}
 62901 | Vaults:1 | You fall into a shaft and drop 1 floor!
 63366 | Vaults:2 | Found a transporter.
 63366 | Vaults:2 | Noticed Lukheov's ghost (veteran DrWn)
 63384 | Vaults:2 | Noticed an ancient lich
 63387 | Vaults:2 | Found a transporter.
 63431 | Vaults:2 | Paralysed by a great orb of eyes for 2 turns
 63992 | Vaults:2 | Reached XP level 23. HP: 171/171 MP: 46/46
 66378 | Vaults:3 | Found a staircase to the Crypt.
 67011 | Vaults:3 | Identified the +8 mace "Otontuv" {freeze, Int+3}
 67272 | Vaults:4 | Found Wuexaun's Distillery.
 67325 | Vaults:4 | Found a crumbling gateway.
 67347 | Vaults:4 | Learned a level 9 spell: Fire Storm
 67353 | Desolati | Entered the Desolation of Salt
 67699 | Desolati | Reached XP level 24. HP: 178/178 MP: 47/47
 67820 | Desolati | Identified the staff of fire "Gacu" {Drain rPois rF+ rN+}
 67824 | Desolati | Got the Quarto of Sculpting
 67832 | Desolati | Got the Incunabulum of Shivering Bombardment
 67981 | Desolati | Identified the +7 battleaxe of Jiolelaq {venom, rC+ Int+3}
 68182 | Desolati | Identified the +10 plate armour of Banlocs {rC- Str+5}
 68193 | Desolati | Identified the +6 dagger of Infinity {heavy, Fly}
 68230 | Desolati | Identified the +4 spear of Entrepreneurial Spirit {flame,
                  | Str+2 Int+3}
 68357 | Desolati | Identified the +4 ring mail of the Final Princes {Regen+
                  | Stlth+}
 68361 | Desolati | Identified the staff of conjuration "Duwk" {+Blink rElec
                  | rF+ Int+3}
 69254 | Vaults:4 | Identified the staff of earth "Boytsigi" {*Slow rPois
                  | rCorr}
 70205 | Lair:4   | Killed aeroqp's ghost
 70653 | Depths:1 | Noticed Mara
 70823 | Depths:1 | Noticed Labrat's illusion
 71024 | Crypt:1  | Entered Level 1 of the Crypt
 71107 | Crypt:1  | Paralysed by a vampire knight for 2 turns
 72261 | Crypt:2  | Reached skill level 10 in Summonings
 72261 | Crypt:2  | Reached skill level 10 in Evocations
 72822 | Crypt:2  | Noticed Saint Roka
 72831 | Crypt:2  | Killed Saint Roka
 73415 | Crypt:3  | Entered Level 3 of the Crypt
 73421 | Crypt:3  | Reached XP level 25. HP: 152/179 MP: 33/47
 74274 | Crypt:3  | Identified the +6 plate armour of the Lion {rCorr}
 74433 | Crypt:3  | Found a staircase to the Tomb.
 74545 | Crypt:3  | Identified the +1 scale mail of Qitranui {+Blink rElec
                  | Will- Int+2}
 74821 | Crypt:3  | Noticed a dread lich
 74826 | Crypt:3  | Killed a dread lich
 74870 | Crypt:3  | Noticed an ancient lich
 74870 | Crypt:3  | Noticed an ancient lich
 74874 | Crypt:3  | Killed an ancient lich
 74874 | Crypt:3  | Killed an ancient lich
 74878 | Crypt:3  | Got the Writings on Resurrection
 74885 | Crypt:3  | Identified the staff of earth "Gitosh" {rCorr}
 75294 | Vaults:5 | Entered Level 5 of the Vaults
 75312 | Vaults:5 | Reached skill level 21 in Conjurations
 75314 | Vaults:5 | Noticed an ancient lich
 75317 | Vaults:5 | Killed an ancient lich
 75333 | Vaults:5 | Noticed an ancient lich
 75339 | Vaults:5 | Killed an ancient lich
 75844 | Vaults:5 | Found Eckath's Magic Scroll Shoppe.
 75849 | Vaults:5 | Reached skill level 22 in Conjurations
 75920 | Vaults:5 | Reached XP level 26. HP: 85/193 MP: 47/47
 76278 | Vaults:5 | Found Puedwimu's General Store.
 76282 | Vaults:5 | Found Pebb's Distillery.
 76425 | Vaults:5 | Identified the +8 halberd of Dasu {flame, rN+ Will+ Dex+3}
 77108 | Vaults:5 | Identified the +6 dagger "Widocwac" {flame, Dex+4}
 77147 | Vaults:5 | Got the Exposition on Execration and the Charnel House
 77441 | Vaults:5 | Got a silver rune of Zot
 77712 | Vaults:5 | Found Ocros's Jewellery Emporium.
 77799 | Vaults:5 | Bought a potion of heal wounds for 70 gold pieces
 77965 | D:11     | Bought a potion of heal wounds for 80 gold pieces
 78220 | D:15     | Killed Mara
 78440 | Depths:1 | Reached skill level 15 in Fighting
 78755 | Depths:1 | Found a one-way gateway to a ziggurat.
 78785 | Depths:1 | Found Pinnas's Demolitions Depot.
 78791 | Depths:1 | Bought a manual of Conjurations for 1280 gold pieces
 78799 | Depths:1 | Learned a level 5 spell: Borgnjor's Vile Clutch
 78871 | Depths:1 | Found Ozuom's Distillery.
 78886 | Depths:1 | Bought a potion of heal wounds for 95 gold pieces
 79115 | Orc:2    | Bought a potion of heal wounds for 75 gold pieces
 79231 | Elf:2    | You paid a toll of 13 potions of heal wounds to enter a
                  | treasure trove
 79232 | Trove    | Entered a treasure trove
 79234 | Trove    | Found a bloodstained altar of Trog.
 79237 | Trove    | Identified the +3 trident of Human's Peril {heavy, rF+ rN+
                  | rCorr}
 79237 | Trove    | Found the +12 glaive of Prune {freeze, Prune}
 79252 | Trove    | Identified the +0 arbalest of the Grinning Saviour {flame,
                  | Dex+3}
 79259 | Trove    | Found the +8 lance "Wyrmbane" {slay drac, rPois rF+ rC+
                  | AC+3}
 79277 | Trove    | Identified the +8 great mace "Takhiq" {flame, rF+ Will+}
 79281 | Trove    | Identified the +1 sling of Chaos {antimagic, Fly rN+++}
 79283 | Trove    | Identified the +3 trident "Etsoyrow" {freeze, Fly rF+
                  | Str+3}
 79816 | Depths:1 | Found a basalt altar of Yredelemnul.
 79920 | Depths:2 | Reached skill level 1 in Necromancy
 80826 | Depths:2 | Reached skill level 23 in Conjurations
 81021 | Depths:2 | Reached skill level 5 in Necromancy
 81687 | Depths:3 | Reached XP level 27. HP: 207/207 MP: 45/47
 81826 | Depths:3 | Found an ancient bone altar of Kikubaaqudgha.
 82351 | Depths:3 | Noticed Parghit
 82603 | Depths:3 | Identified the ring of Wynesoeli {rN++ Dex+6}
 82888 | Depths:3 | Found a corrupted altar of Lugonu.
 82888 | Depths:3 | Found a one-way gate to the infinite horrors of the Abyss.
 83030 | Depths:3 | Noticed an ancient lich
 83033 | Depths:3 | Killed an ancient lich
 83624 | Depths:4 | Entered Level 4 of the Depths
 83956 | Depths:4 | Found a white marble altar of Elyvilon.
 84023 | Depths:4 | Paralysed by a sphinx for 5 turns
 84717 | Depths:4 | Found a gate to the Realm of Zot.
 84832 | Depths:4 | Reached skill level 24 in Conjurations
 85513 | Depths:3 | Killed Parghit
 85556 | Depths:1 | Bought a manual of Conjurations for 1280 gold pieces
 86286 | Spider:3 | Killed Sableheart's ghost
 86455 | Spider:4 | Reached skill level 25 in Conjurations
 86461 | Spider:4 | Killed McKennaii's ghost
 86784 | Vaults:2 | Killed an ancient lich
 86788 | Vaults:2 | Killed Lukheov's ghost
 86939 | D:13     | Acquired a Grand Grimoire
 86941 | D:13     | Acquired the +4 troll leather armour of Tortured the Good
                  | {rC+ rN+ Regen+ SInv}
 86970 | D:13     | Acquired 836 gold pieces
 87046 | Hell     | Entered the Vestibule of Hell
 87047 | Hell     | Noticed Geryon
 87104 | Hell     | Reached skill level 26 in Conjurations
 87114 | Hell     | Killed Geryon
 87643 | Hell     | Reached skill level 27 in Conjurations
 88055 | Hell     | Found a gateway to the decaying netherworld of Tartarus.
 88134 | Hell     | Found a gateway to the freezing wastes of Cocytus.
 88461 | Hell     | Found a gateway to the Iron City of Dis.
 88539 | Hell     | Found a gateway to the ashen valley of Gehenna.
 88694 | Zot:1    | Entered Level 1 of the Realm of Zot
 89593 | Zot:1    | Found a transporter.
 89682 | Zot:1    | Reached skill level 15 in Armour
 89797 | Zot:1    | Found a transporter.
 90249 | Zot:2    | Gained mutation: You occasionally lose the ability to drink
                  | potions when taking damage. [mutagenic glow]
 93259 | Zot:3    | Noticed an orb of fire
 93263 | Zot:2    | Lost mutation: You are clumsy. (Dex -2) [potion of
                  | mutation]
 93263 | Zot:2    | Lost mutation: You occasionally lose the ability to drink
                  | potions when taking damage. [potion of mutation]
 93263 | Zot:2    | Lost mutation: Your spells are a little easier to cast, but
                  | a little less powerful. [potion of mutation]
 93263 | Zot:2    | Gained mutation: You have a pair of small antennae on your
                  | head. [potion of mutation]
 93377 | Zot:2    | Lost mutation: You have a pair of small antennae on your
                  | head. [potion of mutation]
 93377 | Zot:2    | Gained mutation: You passively dampen the noise of your
                  | surroundings. [potion of mutation]
 93377 | Zot:2    | Gained mutation: You are vulnerable to cold. (rC-) [potion
                  | of mutation]
 93377 | Zot:2    | Gained mutation: You are agile. (Dex +4, Str/Int -1)
                  | [potion of mutation]
 93377 | Zot:2    | Gained mutation: Your muscles are strong. (Str +4, Int/Dex
                  | -1) [potion of mutation]
 93378 | Zot:2    | Lost mutation: You passively dampen the noise of your
                  | surroundings. [potion of mutation]
 93378 | Zot:2    | Lost mutation: You are agile. (Dex +4, Str/Int -1) [potion
                  | of mutation]
 93378 | Zot:2    | Lost mutation: You are vulnerable to cold. (rC-) [potion of
                  | mutation]
 93378 | Zot:2    | Gained mutation: You are robust. (+10% HP) [potion of
                  | mutation]
 93378 | Zot:2    | Gained mutation: You are partially covered in iridescent
                  | scales. (AC +2) [potion of mutation]
 93378 | Zot:2    | Gained mutation: Your flesh is heat resistant. (rF+)
                  | [potion of mutation]
 93378 | Zot:2    | Gained mutation: You have a pair of small horns on your
                  | head. [potion of mutation]
 93899 | Slime:1  | Entered Level 1 of the Pits of Slime
 94412 | Slime:4  | Gained mutation: Your spells are a little easier to cast,
                  | but a little less powerful. [a shining eye]
 94445 | Slime:5  | Entered Level 5 of the Pits of Slime
 94762 | Slime:4  | Gained mutation: You sometimes lose your temper in combat.
                  | [a shining eye]
 94763 | Slime:4  | Gained mutation: You have an uncontrollable temper. [a
                  | shining eye]
 94924 | Slime:4  | Lost mutation: You are partially covered in iridescent
                  | scales. (AC +2) [potion of mutation]
 94924 | Slime:4  | Lost mutation: You are robust. (+10% HP) [potion of
                  | mutation]
 94924 | Slime:4  | Lost mutation: Your spells are a little easier to cast, but
                  | a little less powerful. [potion of mutation]
 94925 | Slime:4  | Lost mutation: You have an uncontrollable temper. [potion
                  | of mutation]
 94925 | Slime:4  | Lost mutation: You have a pair of small horns on your head.
                  | [potion of mutation]
 94925 | Slime:4  | Lost mutation: Your flesh is heat resistant. (rF+) [potion
                  | of mutation]
 94925 | Slime:4  | Gained mutation: Your flesh is cold resistant. (rC+)
                  | [potion of mutation]
 94925 | Slime:4  | Gained mutation: You occasionally shout uncontrollably at
                  | your foes. [potion of mutation]
 94925 | Slime:4  | Gained mutation: You are resistant to electric shocks.
                  | (rElec) [potion of mutation]
 94926 | Slime:4  | Lost mutation: You occasionally shout uncontrollably at
                  | your foes. [potion of mutation]
 94926 | Slime:4  | Lost mutation: You sometimes lose your temper in combat.
                  | [potion of mutation]
 94926 | Slime:4  | Lost mutation: You are resistant to electric shocks.
                  | (rElec) [potion of mutation]
 94926 | Slime:4  | Gained mutation: Your flesh is heat resistant. (rF+)
                  | [potion of mutation]
 94926 | Slime:4  | Gained mutation: You are agile. (Dex +4, Str/Int -1)
                  | [potion of mutation]
 94926 | Slime:4  | Gained mutation: Your system is resistant to poisons.
                  | (rPois) [potion of mutation]
 95144 | Slime:4  | Gained mutation: You occasionally lose the ability to drink
                  | potions when taking damage. [a shining eye]
 95385 | Slime:5  | Noticed the Royal Jelly
 95468 | Slime:5  | Found a viscous altar of Jiyva.
 95615 | Slime:5  | Killed the Royal Jelly
 95819 | Slime:5  | Identified the staff of air "Karae" {Drain rElec rF+ rN+
                  | Str+2}
 95825 | Slime:5  | Got a slimy rune of Zot
 95826 | Slime:5  | Identified the staff of fire "Omes" {Drain rElec rF+ Int-3
                  | Stlth+}
 95831 | Slime:5  | Identified the +6 ring mail of the Accordion {Harm *Slow
                  | Int+3 SInv}
 95837 | Slime:5  | Identified the staff of conjuration "Oruco" {rC+ Int+5}
 95853 | Slime:5  | Got the Collected Works on Weathered Execration
 95866 | Slime:5  | Identified the +1 great mace of the Last Loafs {drain,
                  | Drain rPois Int+2 Dex+4}
 95888 | Slime:5  | Identified the +1 glaive "Doxeoqupek" {spect, Contam rPois
                  | Int+3}
 95899 | Slime:5  | Identified the staff of cold "Xuerph" {rC+ Will+ rCorr MP+9
                  | Str-3}
 96673 | Depths:3 | Voluntarily entered the Abyss.
 96673 | Abyss:1  | Found a corrupted altar of Lugonu.
 96674 | Abyss:1  | Found a corrupted altar of Lugonu.
 96968 | Abyss:3  | Got an abyssal rune of Zot
 97116 | Depths:3 | Escaped the Abyss
 97193 | Depths:3 | Voluntarily entered the Abyss.
 97229 | Abyss:4  | Found a corrupted altar of Lugonu.
 97315 | Depths:3 | Escaped the Abyss
 98388 | Zot:3    | Gained mutation: You are dopey. (Int -2) [an orb of fire]
 98389 | Zot:3    | Lost mutation: Your system is resistant to poisons. (rPois)
                  | [an orb of fire]
 98390 | Zot:3    | Killed an orb of fire
 98443 | Zot:3    | Lost mutation: Your flesh is heat resistant. (rF+) [potion
                  | of mutation]
 98443 | Zot:3    | Lost mutation: You are dopey. (Int -2) [potion of mutation]
 98443 | Zot:3    | Gained mutation: You are dopey. (Int -2) [potion of
                  | mutation]
 98443 | Zot:3    | Gained mutation: Your spells are a little harder to cast,
                  | but a little more powerful. [potion of mutation]
 98444 | Zot:3    | Lost mutation: Your flesh is cold resistant. (rC+) [potion
                  | of mutation]
 98444 | Zot:3    | Lost mutation: You are agile. (Dex +4, Str/Int -1) [potion
                  | of mutation]
 98444 | Zot:3    | Lost mutation: You occasionally lose the ability to drink
                  | potions when taking damage. [potion of mutation]
 98444 | Zot:3    | Gained mutation: You are robust. (+10% HP) [potion of
                  | mutation]
100483 | Zot:5    | Entered Level 5 of the Realm of Zot
100511 | Zot:5    | Identified the +1 scale mail of Pride {Slay+2}
100534 | Zot:5    | Noticed a Killer Klown
100538 | Zot:5    | Killed a Killer Klown
100708 | Zot:5    | Found a runed translucent door.
100708 | Zot:5    | Noticed Peloso's ghost (legendary MiFi)
101175 | Zot:5    | Found the +4 dragonskin cloak
101175 | Zot:5    | Noticed Tiamat
101201 | Zot:5    | Killed Tiamat
101685 | Zot:5    | Noticed a Killer Klown
101687 | Zot:5    | Noticed a dread lich
101700 | Zot:5    | Killed a Killer Klown
101718 | Zot:5    | Killed a dread lich
101777 | Zot:5    | Reached skill level 15 in Dodging
101879 | Zot:5    | Noticed a Killer Klown
101901 | Zot:5    | Killed a Killer Klown
101949 | Zot:5    | Noticed an ancient lich
101953 | Zot:5    | Killed an ancient lich
101954 | Zot:5    | Reached skill level 15 in Shields
102013 | Zot:5    | Noticed an orb of fire
102016 | Zot:5    | Gained mutation: Your body sometimes deteriorates upon
                  | taking damage. [an orb of fire]
102017 | Zot:5    | Gained mutation: Your body often deteriorates upon taking
                  | damage. [an orb of fire]
102019 | Zot:5    | Gained mutation: You occasionally shout uncontrollably at
                  | your foes. [an orb of fire]
102019 | Zot:5    | Killed an orb of fire
102189 | Zot:5    | Noticed an ancient lich
102197 | Zot:5    | Noticed a Killer Klown
102198 | Zot:5    | Killed an ancient lich
102681 | Vaults:4 | Bought a potion of mutation for 128 gold pieces
102681 | Vaults:4 | Lost mutation: You occasionally shout uncontrollably at
                  | your foes. [potion of mutation]
102681 | Vaults:4 | Lost mutation: You are robust. (+10% HP) [potion of
                  | mutation]
102681 | Vaults:4 | Lost mutation: Your spells are a little harder to cast, but
                  | a little more powerful. [potion of mutation]
102681 | Vaults:4 | Gained mutation: You are vulnerable to cold. (rC-) [potion
                  | of mutation]
102681 | Vaults:4 | Gained mutation: Your system is resistant to poisons.
                  | (rPois) [potion of mutation]
102743 | Vaults:5 | Bought a potion of mutation for 112 gold pieces
102744 | Vaults:5 | Lost mutation: Your muscles are strong. (Str +4, Int/Dex
                  | -1) [potion of mutation]
102744 | Vaults:5 | Lost mutation: You are vulnerable to cold. (rC-) [potion of
                  | mutation]
102744 | Vaults:5 | Lost mutation: Your system is resistant to poisons. (rPois)
                  | [potion of mutation]
102744 | Vaults:5 | Gained mutation: You have hidden genetic defects. [potion
                  | of mutation]
102746 | Vaults:5 | Bought a potion of mutation for 112 gold pieces
102747 | Vaults:5 | Lost mutation: You are dopey. (Int -2) [potion of mutation]
102747 | Vaults:5 | Lost mutation: Your body often deteriorates upon taking
                  | damage. [potion of mutation]
102747 | Vaults:5 | Gained mutation: You are partially covered in iridescent
                  | scales. (AC +2) [potion of mutation]
102747 | Vaults:5 | Gained mutation: Your flesh is heat resistant. (rF+)
                  | [potion of mutation]
102747 | Vaults:5 | Gained mutation: Armour fits poorly on your strangely
                  | shaped body. [potion of mutation]
103140 | Zot:5    | Killed a Killer Klown
103191 | Zot:5    | Reached skill level 10 in Earth Magic
103235 | Zot:5    | Noticed an orb of fire
103243 | Zot:5    | Killed an orb of fire
103324 | Zot:5    | Noticed a dread lich
103329 | Zot:5    | Killed a dread lich
103402 | Zot:5    | Noticed an orb of fire
103410 | Zot:5    | Killed an orb of fire
103450 | Zot:5    | Noticed a dread lich
103455 | Zot:5    | Killed a dread lich
103455 | Zot:5    | Noticed a dread lich
103457 | Zot:5    | Killed a dread lich
103468 | Zot:5    | Gained mutation: You are dopey. (Int -2) [hidden defects]
103533 | Zot:5    | Noticed a dread lich
103538 | Zot:5    | Killed a dread lich
103550 | Zot:5    | Noticed a dread lich
103575 | Zot:5    | Killed a dread lich
103645 | Zot:5    | Noticed a dread lich
103661 | Zot:5    | Gained mutation: You are frail. (-10% HP) [hidden defects]
103661 | Zot:5    | Lost mutation: You have hidden genetic defects. [hidden
                  | defects expressed]
103719 | Zot:5    | Killed a dread lich
104228 | Zot:5    | Got the Orb of Zot
104262 | Zot:5    | Noticed Zeifum the pandemonium lord
104269 | Zot:5    | Killed Zeifum the pandemonium lord
104474 | Depths:4 | Noticed Retops the pandemonium lord
104486 | Depths:4 | Killed Retops the pandemonium lord
104755 | D:10     | Reached skill level 15 in Earth Magic
104987 | D:$      | Escaped with the Orb!

Illustrated notes

Levels and vault maps discovered:
D:1:      ncdulo_halloftheorcs, layout_rooms, kennysheep_doodads,
          minmay_strange_pillars
D:2:      layout_basic, uniq_jessica, uniq_terence, uniq_natasha
D:3:      cheibrodos_thug_alley, layout_basic, serial_shops, shop,
          chequers_decorated_corner, minmay_misc_feat_cross
D:4:      corexii_shack_village, layout_basic, serial_shops, shop
D:5:      layout_basic, uniq_menkaure, uniq_crazy_yiuf_cottage
D:6:      layout_gridville, kennysheep_slug_shrine,
          minmay_fractal_squares_gapless_5
D:7:      layout_loops_ring, lemuel_tele_altar, minmay_temple_entry_tees,
          serial_shops, shop
D:8:      minmay_general_purpose_star, layout_loops_ring, uniq_maggie
D:9:      layout_stronghold, uniq_erica, uniq_harold
D:10:     layout_rooms, hiddenorc1_lemuel
D:11:     layout_cave_pools, erik_lair_orcish_takeover, serial_shops,
          nicolae_shop_behind_doors, serial_bayou_pond_d
D:12:     layout_basic, serial_shops, nicolae_shop_tiny_waterfront,
          minmay_shop_chei, minmay_checkered_concentric_circles
D:13:     layout_roguey, david_vaults_4, serial_rivers,
          chequers_serial_rivers_room_a, chequers_serial_rivers_small_b,
          chequers_serial_rivers_micro_b, chequers_serial_rivers_marsh,
          chequers_serial_rivers_micro_c, kennysheep_opposing_triangles
D:14:     layout_roguey, okawaru_ov_weapons_minmay, minmay_hedge_maze,
          minmay_circle_x
D:15:     hangedman_depths_entry_try_elsewhere_first, layout_basic,
          hellmonk_bongcloud_opening, minmay_misc_feat_columns
Temple:   nicolae_temple_slightly_damp_pantheon
Lair:1:   layout_cave_pods, grunt_megastairs_1
Lair:2:   layout_cave_pods, nicolae_shoals_entry_roost,
          nicolae_spider_entry_orb_guardian, st_stairs_11, lemuel_fruit_tree,
          grunt_megastairs_5
Lair:3:   layout_chaotic_city, basic_altar, serial_bayou_shore_a
Lair:4:   layout_roguey, gammafunk_ghost_berserking_beasts, tgw_fedhas
Lair:5:   evilmike_catoblepas_cave, layout_gridlike, slime_entry_2,
          hellmonk_guarded_unrand_vines
Shoals:1: layout_shoals, uniq_jorgrun
Shoals:2: layout_shoals, nicolae_shoals_land_atoll, uniq_frances
Shoals:3: cheibrodos_shoals_gigantism, layout_shoals, uniq_nikola
Shoals:4: shoals_end_hellmonk_lost_city, serial_shops, uniq_bai_suzhen,
          uniq_louise
Spider:1: layout_cave_pods, uniq_josephine, uniq_kirke
Spider:2: cheibrodos_forgotten_conduit, nicolae_spider_paper_wasps, uniq_arachne
Spider:3: layout_chambers, gammafunk_ghost_arena
Spider:4: guppyfry_spider_rune, gammafunk_ghost_arena
Slime:1:  cheibrodos_slime_lost_civilization_2, layout_caves
Slime:2:  layout_caves
Slime:3:  layout_caves
Slime:4:  layout_caves, nicolae_slime_phagocytosis
Slime:5
Orc:1:    layout_diamond_mine, serial_shops, shop, bloody_makhleb
Orc:2:    pf_orc_diabolical, layout_caves, basic_altar
Elf:1:    minmay_the_grid_octo_2x2 [minmay_the_grid_octo_toaster,
          minmay_the_grid_octo_focus, minmay_the_grid_octo_shrine,
          minmay_the_grid_octo_prize_ultimate_mussel_roller], layout_rooms,
          minivault_28, einodemon_armed_red_devil_minivault
Elf:2:    elven_hall_of_blades_hangedman_alternative
          [nicolae_blade_little_rooms], layout_gridlike,
          nicolae_trove_entry_diagonal, serial_shops,
          nicolae_shop_overgrown_old_shop, uniq_asterion, uniq_agnes
Elf:3:    nooodl_elf_gasket, layout_onion_city, serial_shops,
          nicolae_shop_overgrown_old_shop
Vaults:1: v_misc_3, nicolae_vaults_shipping_containers_5,
          nicolae_vaults_inception_statues, ontoclasm_vaults_idyll,
          nicolae_vaults_six-pack, v_misc_25, v_misc_10, vaults_dpeg_ring,
          nicolae_vaults_mitosis, vaults_dpeg_hooks, ontoclasm_vaults_eye,
          grunt_vaults_funnel, layout_vaults_maze_bifur
Vaults:2: gammafunk_ghost_mausoleum, nicolae_vaults_three_branches,
          hangedman_vaults_river_flow, v_pattern_2, v_misc_33,
          nicolae_vaults_rhombus_7, vaults_room_door_hall,
          vaults_room_door_hall, nicolae_vaults_gold_heap,
          nicolae_vaults_inception_scallops, nicolae_vaults_two_Ls,
          nicolae_vaults_little_squares_3, nicolae_vaults_shipping_containers_3,
          nicolae_vaults_apartment_1, layout_vaults_omnicross
Vaults:3: grunt_vaults_trifunnel, hangedman_vaults_stagger,
          nicolae_vaults_trapezoid_layered, minmay_crypt_entry_simple_plaza,
          ontoclasm_vaults_decontamination, nicolae_vaults_sesquioval_fish,
          v_misc_28, nicolae_vaults_diagonal_hallway_7,
          nicolae_vaults_apartment_2, hangedman_vaults_slice, vaults_room_fours,
          nicolae_vaults_trapezoid_3, nicolae_vaults_tetromino_L_1,
          ontoclasm_vaults_loading_screen, layout_vaults_ring
Vaults:4: portal_desolation_entry_garden, nicolae_vaults_diffraction_hallways,
          ontoclasm_vaults_fault, nicolae_vaults_diamond_2,
          nicolae_vaults_surprise_closet, layout_vaults_omnigrid, serial_shops,
          shop
Vaults:5: serial_shops, uniq_margery
Crypt:1:  layout_catacombs, minicrypt_bobbens, roderic_lattice_octagonal_star,
          grunt_crypt_arrival_webbed
Crypt:2:  layout_regular_city, st_stairs_1, uniq_saint_roka
Crypt:3:  david_glass_crypt, layout_misc_corridors,
          tomb_entry_forgotten_bobbens, grunt_megastairs_3
Depths:1: layout_cave_pools, enter_ziggurat_b, hangedman_decor_riveting,
          serial_shops, kennysheep_little_box, hell_entry,
          rand_demon_pan_entry_8, st_stairs_12, nicolae_blasting_shop,
          yredelemnul_forgotten_temple_becter, uniq_mara
Depths:2: minmay_polygon_palace, layout_cave_pools, minmay_misc_feat_tower,
          grunt_metal_band, rand_demon_pan_entry_7, infiniplex_staircase_pool_2
Depths:3: kennysheep_oblong_rooms, layout_gridlike, rand_demon_pan_entry_1,
          hell_entry, abyss_entry_flame_altar,
          nicolae_kikubaaqudgha_miasma_corner, minmay_staircase_windowed_small,
          uniq_parghit
Depths:4: grunt_zot_entry_funnels, layout_honeycomb, hell_entry,
          lemuel_doored_altar
Hell
Zot:1:    gammafunk_dig_for_victory, layout_misc_corridors, skrybe_zot_glass_3,
          uniq_josephina
Zot:2:    lemuel_draconian_sentries, layout_gridville, nicolae_zot_crop_circle
Zot:3:    grunt_twist_and_shout, layout_cathedral_of_symmetry, zot_minivault_1
Zot:4:    layout_onion_interference, hangedman_zot_decor_slant
Zot:5:    layout_misc_corridors, ebering_ghost_inner_flame, uniq_tiamat

Skill      XL: |  1  2  3  4  5  6  7  8  9 10 11 12 13 14 15 16 17 18 19 20 21 22 23 24 25 26 27 |
---------------+----------------------------------------------------------------------------------+-----
Spellcasting   | 3 5 6 7 8 9 11 12 15 16 18 19 20 22 | 22.0
Conjurations   | 5 6 7 8 10 12 13 15 17 18 20 22 23 27 | 27.0
Fighting       | 2 3 4 5 8 9 10 11 12 15 | 15.0
Translocations | 2 3 |  3.0
Armour         | 3 5 8 9 10 18 | 18.0
Dodging        | 3 5 8 9 10 15 | 15.0
Ice Magic      | 3 |  3.0
Earth Magic    | 3 5 7 15 | 15.0
Evocations     | 5 6 10 | 10.0
Fire Magic     | 5 9 10 14 15 16 18 19 20 22 | 22.0
Shields        | 4 8 9 10 15 | 15.0
Summonings     | 1 5 6 10 | 10.0
Necromancy     | 5 8 |  8.0
Stealth        | |  2.0

Action                     |  1- 3 |  4- 6 |  7- 9 | 10-12 | 13-15 | 16-18 | 19-21 | 22-24 | 25-27 || total
---------------------------+-------+-------+-------+-------+-------+-------+-------+-------+-------++-------
  Melee: Dagger            |       |    13 |    33 |    77 |   191 |    45 |       |       |       ||   359
         Punch             |       |       |       |     1 |     2 |       |       |       |       ||     3
         Staff             |       |       |       |       |       |    10 |    30 |   220 |   219 ||   479
         Whip              |       |       |       |       |       |       |     3 |       |       ||     3
         Lance             |       |       |       |       |       |       |       |       |   123 ||   123
         Headbutt          |       |       |       |       |       |       |       |       |     8 ||     8
  Throw: Dart              |       |       |       |       |     3 |       |       |       |       ||     3
         Throwing net      |       |       |       |       |     1 |       |     4 |       |     2 ||     7
   Cast: Magic Dart        |    60 |    68 |   151 |   133 |    43 |    15 |       |       |       ||   470
         Searing Ray       |     2 |    10 |    48 |   108 |     7 |       |       |       |       ||   175
         Iskenderun's Myst |       |       |     2 |    76 |   199 |    83 |   103 |    61 |    59 ||   583
         Stone Arrow       |       |       |       |     9 |   305 |   273 |    50 |       |       ||   637
         Hailstorm         |       |       |       |     1 |    32 |     3 |       |       |       ||    36
         Orb of Destructio |       |       |       |       |    17 |    76 |   143 |    42 |   151 ||   429
         Iskenderun's Batt |       |       |       |       |     7 |     3 |       |       |       ||    10
         Starburst         |       |       |       |       |       |    41 |    96 |    47 |    47 ||   231
         Fireball          |       |       |       |       |       |   142 |   359 |    61 |   179 ||   741
         Spellforged Servi |       |       |       |       |       |       |    16 |    97 |   145 ||   258
         Ignition          |       |       |       |       |       |       |     4 |    88 |   213 ||   305
         Lehudib's Crystal |       |       |       |       |       |       |       |     1 |   271 ||   272
         Fire Storm        |       |       |       |       |       |       |       |       |    52 ||    52
         Borgnjor's Vile C |       |       |       |       |       |       |       |       |    59 ||    59
  Evoke: Wand              |       |       |       |     1 |     4 |       |     3 |       |     6 ||    14
         Lightning rod     |       |       |       |       |       |     1 |     9 |       |    11 ||    21
         Condenser vane    |       |       |       |       |       |       |     3 |       |       ||     3
         Phial of floods   |       |       |       |       |       |       |       |       |     2 ||     2
         Box of beasts     |       |       |       |       |       |       |       |       |     2 ||     2
         Phantom mirror    |       |       |       |       |       |       |       |       |     2 ||     2
         Horn of Geryon    |       |       |       |       |       |       |       |       |     1 ||     1
    Use: Scroll            |       |       |       |    15 |    13 |     9 |     7 |     4 |    17 ||    65
         Potion            |       |       |       |       |       |       |     3 |       |    13 ||    16
   Stab: Sleeping          |       |       |       |       |       |       |       |     1 |     1 ||     2
         Distracted        |       |       |       |       |       |       |       |       |     4 ||     4
 Armour: Robe              |       |     8 |    30 |    13 |       |     7 |    63 |    45 |       ||   166
         Steam dragon scal |       |       |       |   101 |   158 |    24 |       |    42 |    70 ||   395
         Troll leather arm |       |       |       |       |       |       |       |       |   131 ||   131
  Dodge: Dodged            |     4 |    15 |    47 |   168 |   123 |    84 |    76 |   168 |   391 ||  1076
  Block: Other             |       |       |       |       |       |    27 |       |       |       ||    27
         Reflection        |       |       |       |       |       |    15 |    29 |    48 |    18 ||   110
         Kite shield       |       |       |       |       |       |     2 |   130 |   330 |   524 ||   986
